Map: Emerald City LE

Players

EnGrimFan

  • Race: Protoss Protoss
  • League: Platinum
  • Spawn Location: 5:00

GordonBlixt

  • Race: Terran Terran
  • Spawn Location: 5:00

qqq - Winner!

  • Race: Zerg Zerg
  • League: Platinum
  • Spawn Location: 11:00

Massa - Winner!

  • Race: Terran Terran
  • League: Platinum
  • Spawn Location: 11:00

VOD

Have the link to the VOD?

Description

Time

  • Played on: Jan. 1, 2021, 3:40 p.m.
  • Length: 7:51
Show
View Real Time Build Order
Export as new Build Order

EnGrimFan Protoss 

Build Orders:  

Get SALT Encoding   

  12  0:02  Probe (Chrono Boost)  
  13  0:14  Probe (Chrono Boost)  
  14  0:24  Pylon  
  14  0:31  Probe  
  15  0:43  Gateway  
  15  0:54  Pylon  
  15  1:00  Forge  
  15  1:13  Probe  
  15  1:16  Assimilator  
  16  1:26  Probe  
  16  1:31  Assimilator  
  17  1:38  Probe  
  18  1:42  Photon Cannon  
  18  1:47  Photon Cannon  
  18  1:50  Probe  
  19  2:06  Pylon  
  19  2:07  Pylon  
  19  2:08  Pylon  
  20  2:15  Probe (Chrono Boost)  
  20  2:24  Photon Cannon  
  20  2:25  Probe (Chrono Boost)  
  20  2:30  Probe (Chrono Boost)  
  21  2:39  Cybernetics Core  
  21  3:03  Nexus  
  21  3:06  Pylon  
  21  3:16  Pylon  
  21  3:29  Probe (Chrono Boost)  
  21  3:31  Stargate  
  22  3:41  Probe (Chrono Boost)  
  23  3:50  Probe (Chrono Boost)  
  23  3:51  Stargate  
  24  3:56  Probe  
  25  4:08  Probe  
  26  4:14  Phoenix (Chrono Boost)  
  28  4:17  Probe  
  28  4:18  Protoss Air Weapons Level 1  
  28  4:20  Probe  
  30  4:30  Probe  
  31  4:32  Probe  
  31  4:34  Pylon  
  31  4:38  Phoenix  
  34  4:42  Probe  
  34  4:43  Phoenix  
  37  4:46  Probe  
  38  5:15  Photon Cannon  
  38  5:22  Stargate  
  38  5:25  Phoenix  
  40  5:31  Phoenix  
  40  5:33  Assimilator  
  42  5:37  Assimilator  
  41  6:11  Nexus  
  41  6:12  Phoenix x2  
Show
View Real Time Build Order
Export as new Build Order

GordonBlixt Terran 

Build Orders: Reaper Expand 

Get SALT Encoding   

  12  0:01  SCV  
  13  0:13  SCV  
  14  0:19  Supply Depot  
  14  0:25  SCV  
  15  0:41  SCV  
  16  0:44  Barracks  
  16  0:48  Refinery  
  16  1:00  SCV  
  17  1:30  Orbital Command  
  17  1:40  Command Center  
  17  1:42  Reaper  
  18  1:56  Barracks  
  18  2:15  Bunker  
  18  2:25  SCV  
  18  2:28  Factory  
  19  2:33  Refinery  
  19  2:34  Supply Depot  
  19  2:37  SCV  
  20  3:10  Barracks Reactor  
  20  3:28  Factory Reactor  
  20  3:30  Starport  
  20  3:31  Supply Depot  
  20  3:33  Barracks Tech Lab  
  19  3:37  SCV, Supply Depot  
  20  3:52  Bunker, Marine x3  
  20  3:54  Stimpack  
  23  4:05  Widow Mine x2  
  27  4:13  Marine x2  
  29  4:33  Orbital Command  
  29  4:35  Supply Depot  
  29  4:48  Armory  
  29  4:52  Supply Depot  
  29  4:53  Marine  
  26  5:13  Bunker  
  26  5:14  Widow Mine  
  26  5:16  SCV  
  29  5:25  Medivac  
  29  5:55  Marine  
  29  5:56  Marine x2  
  32  5:57  Widow Mine  
  32  5:58  Medivac  
  32  6:01  Combat Shield  
  36  6:07  Supply Depot  
  36  6:13  Marine, Supply Depot  
  37  6:19  Widow Mine  
  37  6:23  Engineering Bay  
  39  6:26  Factory  
  39  6:30  Supply Depot  
  37  6:47  SCV  
  37  6:48  Factory Tech Lab  
  37  6:50  Marine x3  
  40  7:08  Marine x3  
  43  7:09  Siege Tank  
  37  7:25  Marine  
  37  7:26  Marine x2  
Show
View Real Time Build Order
Export as new Build Order

qqq Zerg - Winner!

Build Orders: Hatch First 

Get SALT Encoding   

  12  0:03  Drone  
  13  0:09  Drone  
  14  0:20  Overlord  
  14  0:49  Drone  
  15  0:51  Hatchery, Drone  
  15  0:59  Drone  
  16  1:28  Spawning Pool  
  16  1:29  Extractor  
  14  1:46  Drone x3  
  18  2:05  Drone  
  19  2:09  Drone  
  19  2:14  Hatchery  
  19  2:21  Spine Crawler  
  18  2:23  Drone  
  18  2:25  Queen  
  21  2:31  Drone  
  22  2:47  Overlord  
  22  3:05  Hatchery  
  21  3:18  Zergling x2  
  21  3:19  Zergling x4  
  24  3:20  Metabolic Boost  
  24  3:24  Lair  
  24  3:28  Drone  
  25  3:37  Zergling x2  
  25  3:39  Drone  
  27  3:43  Zergling x2  
  27  3:48  Extractor  
  27  3:49  Drone  
  27  3:50  Zergling x6  
  31  3:56  Zergling x2  
  31  4:01  Drone, Evolution Chamber  
  32  4:07  Queen  
  34  4:21  Zergling x4  
  36  4:29  Overlord  
  36  4:30  Overlord x2  
  36  4:40  Hydralisk Den  
  35  4:46  Overlord x2  
  35  4:48  Drone  
  31  5:07  Zergling x6  
  31  5:08  Drone x3  
  31  5:09  Drone  
  37  5:17  Zerg Missile Weapons Level 1  
  37  5:19  Drone  
  38  5:21  Drone  
  38  5:25  Drone  
  40  5:29  Hydralisk  
  40  5:32  Drone  
  43  5:44  Zergling x4  
  41  5:53  Zergling x2  
  41  5:54  Hydralisk x3  
  47  6:00  Overlord  
  47  6:06  Spore Crawler  
  46  6:13  Spore Crawler  
  46  6:15  Hydralisk  
  46  6:16  Spore Crawler  
  44  6:22  Spore Crawler  
  39  6:30  Hydralisk x2  
  43  6:34  Drone  
  43  6:46  Hydralisk  
  45  6:47  Hydralisk  
  42  7:10  Hydralisk x2  
  42  7:15  Hydralisk  
  44  7:16  Hydralisk  
  44  7:18  Drone  
  45  7:36  Drone x2  
Show
View Real Time Build Order
Export as new Build Order

Massa Terran - Winner!

Build Orders:  

Get SALT Encoding   

  12  0:01  SCV  
  13  0:17  Supply Depot  
  13  0:18  SCV  
  14  0:30  SCV  
  16  0:42  SCV  
  16  0:46  Barracks  
  16  0:53  Refinery  
  16  0:55  SCV  
  17  1:07  SCV  
  18  1:19  SCV  
  19  1:31  SCV  
  20  1:39  Command Center  
  20  1:44  Orbital Command  
  20  1:50  Reaper  
  21  2:05  Barracks  
  21  2:18  SCV  
  21  2:21  Factory  
  21  2:22  Marine  
  23  2:46  Supply Depot  
  23  2:48  Supply Depot  
  23  2:50  Refinery  
  23  2:51  SCV, Marine  
  25  2:52  Orbital Command  
  25  3:19  Factory Tech Lab, Barracks Tech Lab  
  25  3:24  Starport  
  25  3:25  Barracks Tech Lab  
  25  3:46  SCV  
  26  3:48  SCV  
  26  3:53  Marauder  
  29  3:56  Siege Tank  
  29  3:58  SCV  
  29  4:00  SCV  
  34  4:04  Refinery  
  34  4:05  Marauder  
  34  4:07  Refinery  
  36  4:14  Marine  
  37  4:20  SCV x2  
  39  4:32  SCV x2  
  41  4:46  Stimpack  
  41  4:49  Medivac  
  41  4:51  Marauder x2  
  47  4:58  Barracks  
  47  5:00  Barracks, Engineering Bay  
  47  5:04  Command Center  
  47  5:07  SCV x2  
  49  5:12  Marine x2  
  51  5:16  Combat Shield  
  51  5:19  SCV x2  
  53  5:26  Supply Depot  
  53  5:28  Supply Depot  
  53  5:29  Marine  
  53  5:31  Missile Turret  
  54  5:45  Starport Tech Lab  
  54  5:47  Marine  
  55  5:50  Marine x3  
  58  6:00  Cyclone  
  61  6:05  Marine  
  61  6:08  Marine x3  
  64  6:54  Marine x4  
  63  7:11  Marine  
  63  7:12  Marine x3  
  63  7:29  Marine  
Tags
 
Add a new tag
Caveats
  • Supply blocks, unpowered buildings, or Contaminate may cause inaccurate times.
  • Supply counts are checked every 10 seconds.